 Dungeon Crawl Stone Soup version 0.28-a0-674-gdaf460b524 (webtiles) character file.

Game seed: 2838027078679221314

137 avis the Chopper (level 5, 0/48 HPs)
             Began as a Hill Orc Monk on Oct 18, 2021.
             Slain by Ijyb (4 damage)
             ... on level 3 of the Dungeon.
             The game lasted 00:10:31 (2269 turns).

avis the Chopper (Hill Orc Monk)                    Turns: 2269, Time: 00:10:31

Health: 0/48       AC:  5    Str: 15    XL:     5   Next: 20%
Magic:  5/5        EV: 11    Int: 10    God:
Gold:   42         SH:  0    Dex: 11    Spells: 4/4 levels left

rFire   . . .      SeeInvis .   a - +0 hand axe
rCold   + . .      Faith    .   (no shield)
rNeg    . . .      Spirit   .   i - +0 ring mail
rPois   .          Reflect  .   (no helmet)
rElec   .          Harm     .   (no cloak)
rCorr   .          Rampage  .   (no gloves)
Will    .....                   (no boots)
Stlth   +.........              (no amulet)
HPRegen 0.16/turn               (no ring)
MPRegen 0.09/turn               (no ring)

@: hasted, very quick
A: clumsy 1, cold resistance 1
a: no special abilities


You were on level 3 of the Dungeon.
You visited 1 branch of the dungeon, and saw 4 of its levels.

You collected 42 gold pieces.

Inventory:

Hand Weapons
 a - a +0 hand axe (weapon)
Missiles
 f - 32 stones (quivered)
 k - 11 arrows
 l - 20 poisoned darts
Armour
 b - a +0 robe
 i - a +0 ring mail (worn)
Magical Staves
 j - a staff of earth
Scrolls
 d - 3 scrolls of identify {unknown}
 g - a scroll of fog {unknown}


   Skills:
 * Level 5.3 Fighting
 - Level 6.0 Axes
 - Level 1.0 Armour
 - Level 2.4 Dodging
 - Level 1.5 Stealth


You had 4 spell levels left.
You didn't know any spells.
Your spell library was empty.

Dungeon Overview and Level Annotations

Branches:
Dungeon (4/15)
 Temple: D:4-7

Altars:

Annotations:
D:3 Ijyb


Innate Abilities, Weirdness & Mutations

You are clumsy. (Dex -2)
Your flesh is cold resistant. (rC+)


Message History

You hit Ijyb.
Ijyb is moderately wounded.
Ijyb hits you but does no damage.
You closely miss Ijyb.
Ijyb is moderately wounded.
Ijyb hits you with a +0 dagger.
* * * LOW HITPOINT WARNING * * *
You hit Ijyb but do no damage.
Ijyb is moderately wounded.
You barely miss Ijyb.
Ijyb is moderately wounded.
Ijyb hits you with a +0 dagger.
* * * LOW HITPOINT WARNING * * *
You hit Ijyb.
Ijyb is moderately wounded.
Ijyb barely misses you.
You slash Ijyb!
Ijyb is severely wounded.
You hit Ijyb.
Ijyb is severely wounded.
Ijyb hits you but does no damage.
You closely miss Ijyb.
Ijyb is severely wounded.
Ijyb drinks a potion.
Ijyb is healed!
It was a potion of mutation.
You feel extremely strange.
You feel clumsy.
You feel resistant to cold.
Your library has no spells.
You hit Ijyb.
Ijyb is lightly wounded.
Ijyb closely misses you.
You hit Ijyb but do no damage.
Ijyb is lightly wounded.
Ijyb hits you with a +0 dagger.
* * * LOW HITPOINT WARNING * * *
You closely miss Ijyb.
Ijyb is lightly wounded.
You closely miss Ijyb.
Ijyb is lightly wounded.
Ijyb hits you with a +0 dagger.
You die...

###..## .......
.......##
........#
........#
........#
........##########
......:>@.........
........g########.
.......#..#......
........#.....$..
........#....####
........#...##8..
............#r...
........#...#..#(
.......##...#.#..


You could see Ijyb and a quokka.

Vanquished Creatures
  A water moccasin zombie (D:4)
  A hound (D:4)
  A gnoll (D:1)
  A dart slug (D:1)
  2 orcs
  3 endoplasms (D:1)
  2 giant cockroaches
  2 goblins (D:1)
  5 hobgoblins (D:1)
  3 jackals (D:1)
  7 ball pythons
  4 bats (D:1)
  2 frilled lizards (D:1)
  A kobold (D:1)
  2 rats (D:1)
37 creatures vanquished.

Notes
Turn   | Place    | Note
-------+----------+-------------------------------------------
     0 | D:1      | avis the Hill Orc Monk began the quest for the Orb.
     0 | D:1      | Reached XP level 1. HP: 19/19 MP: 1/1
   471 | D:1      | Reached XP level 2. HP: 26/26 MP: 2/2
   498 | D:1      | Reached skill level 5 in Axes
   609 | D:1      | You fall into a shaft and drop 1 floor!
   723 | D:1      | Reached XP level 3. HP: 10/33 MP: 3/3
  1868 | D:2      | You fall into a shaft and drop 2 floors!
  1892 | D:4      | Reached skill level 5 in Fighting
  1892 | D:4      | Reached XP level 4. HP: 8/42 MP: 4/4
  1895 | D:4      | Reached skill level 6 in Axes
  1895 | D:4      | Reached skill level 1 in Armour
  1895 | D:4      | Reached XP level 5. HP: 6/48 MP: 5/5
  2198 | D:3      | Noticed Ijyb
  2244 | D:3      | HP: 2/48 [Ijyb (2)]
  2265 | D:3      | Gained mutation: You are clumsy. (Dex -2) [potion of
                  | mutation]
  2265 | D:3      | Gained mutation: Your flesh is cold resistant. (rC+)
                  | [potion of mutation]
  2269 | D:3      | Slain by Ijyb

Illustrated notes

Levels and vault maps discovered:
D:1:      nzn_arrival_depleted_hourglass, layout_loops_ring
D:2:      cheibrodos_pilgrimage, layout_basic, minmay_cupped
D:3:      layout_rooms, gammafunk_ghost_arena,
          dreamdust_ecumenical_altar_sealed_demon, uniq_ijyb, uniq_grinder
D:4:      layout_cave_pods, minmay_fountain_box

Skill      XL: |  1  2  3  4 |
---------------+-------------+-----
Axes           | 5 6 |  6.0
Fighting       | 4 5 |  5.3
Armour         | 1 |  1.0
Dodging        | |  2.4
Stealth        | |  1.5

Action                   |  1- 3 |  4- 6 || total
-------------------------+-------+-------++-------
Melee: Hand axe          |   125 |    46 ||   171
  Use: Potion            |       |     3 ||     3
 Stab: Sleeping          |     3 |       ||     3
Armor: Robe              |    14 |       ||    14
       Ring mail         |    27 |    12 ||    39
Dodge: Dodged            |    83 |    14 ||    97

Table legend: (Time is in decaauts)
 A = Elapsed time spent in this place.
 B = Non-inter-level travel time spent in this place.
 C = Inter-level travel time spent in this place.
 D = Time resting spent in this place.
 E = Time spent auto-exploring this place.
 F = Levels seen in this place.
 G = Mean time per level.
                   A        B        C        D        E       F      G
               +--------+--------+--------+--------+--------+-----+--------+
         Total |   2270 |   2153 |    117 |   1140 |    481 |   4 |  567.5 |
       Dungeon |   2270 |   2153 |    117 |   1140 |    481 |   4 |  567.5 |
               +--------+--------+--------+--------+--------+-----+--------+

Top non-repeatable levels by time:
     D:1: 1761 daAuts
     D:4: 330 daAuts
     D:2: 114 daAuts
     D:3: 63 daAuts
